 Dungeon Crawl Stone Soup version 0.17-a0-1324-ga541562 (webtiles) character file.

6954 nubinia the Reanimator (level 10, 68/70 HPs)
             Began as a Demonspawn Necromancer on June 9, 2015.
             Was a High Priest of Sif Muna.
             Quit the game on level 1 of the Lair of Beasts.
             The game lasted 01:09:48 (8504 turns).

nubinia the Reanimator (Demonspawn Necromancer)     Turns: 8504, Time: 01:09:48

Health: 68/70      AC: 11    Str: 11    XL:     10   Next: 80%
Magic:  22/22      EV: 14    Int: 24    God:    Sif Muna [*****.]
Gold:   537        SH:  4    Dex: 19    Spells: 6 memorised, 10 levels left

rFire  . . .     SeeInvis .     L - -2 blowgun
rCold  + . .     Clarity  .     P - +2 leather armour {rC+}
rNeg   . . .     SustAt   .     h - +0 buckler
rPois  .         Gourm    .     W - +1 hat {Int+3}
rElec  .         Spirit   .     C - +0 cloak
rCorr  .         Warding  .     p - +1 pair of gloves
rMut   .         Stasis   .     (no boots)
MR     .....                    d - amulet of faith
Stlth  ++++......               e - ring "Redorghobb" {Str+2 Int+2 Dex+5}
                                D - ring of stealth

@: heavily drained, not resistant to hostile enchantments, stealthy
A: hooves 2, thin metallic scales 1, nightstalker 1, powered by death 1
a: Channel Energy, Forget Spell, Renounce Religion


You were on level 1 of the Lair of Beasts.
You worshipped Sif Muna.
Sif Muna was extremely pleased with you.
You were not hungry.

You visited 2 branches of the dungeon, and saw 10 of its levels.

You collected 537 gold pieces.

Inventory:

Hand weapons
 a - a +4 flail of protection
 b - a +0 spear
 L - a -2 blowgun (weapon)
Missiles
 M - 9 poisoned needles (quivered)
Armour
 h - a +0 buckler (worn)
 p - a +1 pair of gloves (worn)
 C - a +0 cloak (worn)
 P - a +2 leather armour of cold resistance (worn)
 W - a +1 hat of intelligence (worn)
Jewellery
 d - an amulet of faith (around neck)
 e - the ring "Redorghobb" (right hand) {Str+2 Int+2 Dex+5}
   (You found it on level 1 of the Lair of Beasts)

   [ring of dexterity]

   It affects your strength (+2).
   It affects your intelligence (+2).
   It affects your dexterity (+5).
 f - an uncursed ring of protection from cold
 y - an uncursed ring of invisibility
 D - a ring of stealth (left hand)
 Y - an uncursed ring of positive energy
Magical devices
 g - a wand of flame (14)
 s - a wand of fireball (2)
 w - a wand of fireball (7)
 x - a wand of disintegration (11)
 O - a wand of lightning (8)
 R - a wand of teleportation (5)
 S - a wand of disintegration (11)
 T - a wand of frost (26)
 X - a wand of disintegration (6)
Scrolls
 m - 3 scrolls of amnesia
 n - 2 scrolls of teleportation
 o - 6 scrolls of remove curse
 r - a scroll of recharging {unknown}
 u - a scroll of fear {unknown}
 F - a scroll of enchant armour
 G - a scroll of identify
 H - a scroll of acquirement {unknown}
 U - a scroll of blinking {unknown}
 V - 2 scrolls of fog {unknown}
Potions
 i - 2 potions of invisibility
 k - a potion of magic
 q - a potion of might
 t - a potion of brilliance
 z - 4 potions of heal wounds
 A - a potion of cancellation
 E - a potion of lignification
 N - 2 potions of curing
 Q - a potion of flight
Books
 J - a book of Necromancy

   Spells                             Type                      Level
   a - Pain                           Necromancy                   1
   b - Animate Skeleton               Necromancy                   1
   c - Vampiric Draining              Necromancy                   3
   d - Regeneration                   Charms/Necromancy            3
   e - Animate Dead                   Necromancy                   4
   f - Control Undead                 Necromancy                   4
Comestibles
 c - 4 bread rations
 l - 6 meat rations
 v - a slice of pizza
 B - 4 beef jerkies
 I - 9 fruits
 K - a royal jelly


   Skills:
 + Level 3.4(1.8) Fighting
 + Level 3.3(1.8) Maces & Flails
 + Level 2.4(0.9) Polearms
 + Level 0.5(0.0) Throwing
 + Level 2.0(0.5) Armour
 + Level 6.9(5.2) Dodging
 + Level 5.0(3.4) Stealth
 * Level 8.6(6.7) Spellcasting
 * Level 10.2(8.3) Necromancy
 + Level 0.6(0.0) Evocations


You had 10 spell levels left.
You knew the following spells:

 Your Spells              Type           Power        Failure   Level  Hunger
a - Pain                  Necr           ####         1%          1    None
b - Vampiric Draining     Necr           #####.....   1%          3    None
c - Control Undead        Necr           #####.....   6%          4    ###....
r - Regeneration          Chrm/Necr      ####......   12%         3    None
D - Animate Dead          Necr           N/A          6%          4    ###....
S - Animate Skeleton      Necr           N/A          1%          1    None


Dungeon Overview and Level Annotations

Branches:
Dungeon (9/15)             Temple (0/1) D:7            Lair (1/8) D:9
    Orc: D:9-12

Altars:
Cheibriados
Dithmenos
Elyvilon
Gozag
Makhleb
Okawaru
Qazlal
Sif Muna

Shops:
D:3 *

Annotations:
D:5 Menkaure, Sigmund
Lair:1 Sonja


Innate Abilities, Weirdness & Mutations

You have hoof-like feet.
You are partially covered in thin metallic scales (AC +2).
You are slightly more attuned to the shadows.
You regenerate a little health from kills.


Message History

Your blink frog zombie hits Sonja.
Sonja mumbles some strange words.
Sonja blinks!
Wield which item (- for none, * to show all)? (? for menu, Esc to quit)
You feel less protected.
L - a -2 blowgun (weapon)
Sonja shouts, "Too slow!"
Sonja unwields an uncursed dagger of draining.
Sonja wields an uncursed blowgun.
Sonja shoots a curare-tipped needle.
The curare-tipped needle hits your blink frog zombie.
Sonja shoots a curare-tipped needle.
You block the curare-tipped needle.
You see here a curare-tipped needle.
Firing (i - inventory):
M - 10 poisoned needles (quivered)
Press: ? - help, Shift-Dir - straight line, f - Sonja
Aim: Sonja, wielding a blowgun (moderately wounded)
You shoot a poisoned needle.
The poisoned needle completely misses Sonja.
Sonja mumbles some strange words.
Sonja blinks!
Are you sure you want to abandon this character and quit the game? (Confirm with "yes".)

................. ...............
#......#..P#+##. ...............
#............ #..................
#.............#.....##..#.#....##
.......#......#.....###...P......
#.......... .......P#.........#.
+......#..... #................##
#......#......#......#....##...##
#....... ....Z.@....###..##....#
.ยง..Z..Z.((###.###.....
##..#..................
..............(........
.#.####P.############P. # ####


You could see a friendly hippogriff zombie, a friendly blink frog zombie and a
friendly blink frog skeleton.

Vanquished Creatures
  Gastronok (Lair:1)
  Pikel (D:8)
  Prince Ribbit (D:7)
  4 blink frogs (Lair:1)
  A wyvern (D:9)
  2 wolves (Lair:1)
  2 water moccasins
  2 ice beasts
  A porcupine (Lair:1)
  Duvessa (D:7)
  A necrophage (D:6)
  5 ogres
  2 centaurs
  A big kobold (D:7)
  A crocodile (Lair:1)
  3 giant frogs
  2 scorpions
  2 wights (D:7)
  4 hounds
  A giant frog zombie (D:7)
  A centaur zombie (D:5)
  A crimson imp (D:7)
  6 orc wizards
  2 quasits (D:7)
  3 orc priests
  A centaur skeleton (D:7)
  2 jellies
  2 iguanas
  6 worker ants
  A hound zombie (D:7)
  Robin (D:2)
  6 gnolls
  8 adders
  An ooze (D:1)
  4 worms
  2 adder skeletons (D:4)
  15 orcs
  13 bats
  5 giant cockroaches
  20 goblins
  6 hobgoblins
  9 jackals
  2 ball pythons
  8 giant geckos
  A giant newt (D:4)
  27 kobolds
  2 quokkas (D:9)
  A quokka skeleton (D:9)
  10 rats
  A plant (D:1)
205 creatures vanquished.

Vanquished Creatures (collateral kills)
  2 hippogriffs
  2 wolves (Lair:1)
  An ice beast (D:6)
  2 water moccasins (Lair:1)
  A phantom (D:6)
  A water moccasin zombie (D:9)
  A scorpion (D:7)
  Dowan (D:7)
  3 wights (D:7)
  A crimson imp (D:6)
  A worker ant (D:7)
  An orc wizard (D:8)
  A gnoll (D:6)
  2 adders
  A shadow imp (D:7)
  2 giant geckos
  3 orcs
  4 goblins
  A hobgoblin (D:1)
  2 bats
  2 jackals
  6 kobolds
  2 rats
43 creatures vanquished.

Vanquished Creatures (others)
  An orc wizard (D:6)
  An orc (D:8)
  A kobold (D:8)
3 creatures vanquished.

Grand Total: 251 creatures vanquished

Notes
Turn   | Place    | Note
--------------------------------------------------------------
     0 | D:1      | nubinia the Demonspawn Necromancer began the quest for the Orb.
     0 | D:1      | Reached XP level 1. HP: 13/13 MP: 3/3
    14 | D:1      | Learned a level 1 spell: Animate Skeleton
   300 | D:1      | Gained mutation: You are partially covered in thin metallic scales (AC +2). [demonic ancestry]
   300 | D:1      | Reached XP level 2. HP: 14/19 MP: 0/5
   669 | D:1      | Gained mutation: You regenerate a little health from kills. [demonic ancestry]
   669 | D:1      | Reached XP level 3. HP: 24/24 MP: 6/6
   674 | D:1      | Learned a level 3 spell: Vampiric Draining
  1132 | D:2      | Found a burning altar of Makhleb.
  1257 | D:2      | Noticed Robin
  1291 | D:2      | Reached XP level 4. HP: 30/30 MP: 4/7
  1309 | D:2      | Killed Robin
  1400 | D:2      | Your ally Robin died
  1472 | D:3      | Reached skill level 5 in Necromancy
  1627 | D:3      | Reached skill level 1 in Polearms
  1686 | D:3      | Found an opulent altar of Gozag.
  1688 | D:3      | Found Gozag's Platinum Reserve.
  1970 | D:4      | Noticed a phantom
  2116 | D:4      | Reached XP level 5. HP: 36/36 MP: 7/9
  2321 | D:4      | Found a deep blue altar of Sif Muna.
  2326 | D:4      | Became a worshipper of Sif Muna the Loreminder
  2389 | D:4      | Gained mutation: You have large cloven feet. [demonic ancestry]
  2389 | D:4      | Reached XP level 6. HP: 26/42 MP: 3/10
  2447 | D:4      | Noticed an ogre
  2502 | D:4      | Killed an ogre
  3095 | D:5      | Entered Level 5 of the Dungeon
  3100 | D:5      | Found a white marble altar of Elyvilon.
  3395 | D:5      | Noticed a fire elemental
  3397 | D:5      | Found a stormy altar of Qazlal.
  3447 | D:5      | Acquired Sif Muna's first power
  3447 | D:5      | Reached skill level 1 in Fighting
  3447 | D:5      | Reached skill level 6 in Necromancy
  3447 | D:5      | Reached XP level 7. HP: 31/48 MP: 5/12
  3546 | D:5      | Found a shadowy altar of Dithmenos.
  3592 | D:5      | Noticed Sigmund
  3666 | D:5      | Noticed an air elemental
  3666 | D:5      | Noticed a water elemental
  3787 | D:5      | Noticed Menkaure
  3794 | D:5      | Learned a level 4 spell: Control Undead
  3799 | D:5      | Learned a level 4 spell: Animate Dead
  4358 | D:6      | Gained mutation: You are slightly more attuned to the shadows. [demonic ancestry]
  4358 | D:6      | Reached XP level 8. HP: 38/56 MP: 7/15
  4368 | D:6      | Acquired Sif Muna's second power
  4588 | D:6      | Reached skill level 7 in Necromancy
  4834 | D:6      | Found an iron altar of Okawaru.
  5066 | D:7      | Noticed Prince Ribbit
  5077 | D:7      | Reached skill level 5 in Spellcasting
  5120 | D:7      | Noticed Dowan
  5133 | D:7      | Killed Dowan
  5140 | D:7      | Noticed Duvessa
  5153 | D:7      | Killed Duvessa
  5276 | D:7      | Reached skill level 1 in Maces & Flails
  5306 | D:7      | Your ally Dowan died
  5388 | D:7      | Found a staircase to the Ecumenical Temple.
  5455 | D:7      | Reached skill level 8 in Necromancy
  5474 | D:7      | Reached skill level 5 in Dodging
  5606 | D:7      | Reached XP level 9. HP: 56/62 MP: 13/18
  5812 | D:7      | Killed Prince Ribbit
  5922 | D:7      | Your ally Prince Ribbit died
  6181 | D:8      | Found an opulent altar of Gozag.
  6338 | D:8      | Noticed Pikel
  6353 | D:8      | Killed Pikel
  6497 | D:8      | Learned a level 3 spell: Regeneration
  6688 | D:9      | Found a staircase to the Lair.
  7008 | D:9      | Acquired Sif Muna's third power
  7008 | D:9      | Reached skill level 1 in Armour
  7008 | D:9      | Reached skill level 9 in Necromancy
  7631 | D:9      | Found a snail-covered altar of Cheibriados.
  7733 | Lair:1   | Entered Level 1 of the Lair of Beasts
  7743 | Lair:1   | Noticed Gastronok
  7844 | Lair:1   | Killed Gastronok
  7844 | Lair:1   | Gained mutation: You have hoof-like feet. [demonic ancestry]
  7844 | Lair:1   | Reached XP level 10. HP: 34/70 MP: 4/22
  8019 | Lair:1   | Reached skill level 5 in Stealth
  8361 | Lair:1   | Reached skill level 10 in Necromancy
  8409 | Lair:1   | Got a glittering amber ring
  8411 | Lair:1   | Identified the ring "Redorghobb" {Str+2 Int+2 Dex+5} (You found it on level 1 of the Lair of Beasts)
  8479 | Lair:1   | Noticed Sonja
  8504 | Lair:1   | Quit the game

Vault maps used:
D:1:      scummos_arrival_simple_crosswalls, minmay_misc_feat_tiny,
          lexackson_kobold_supper
D:2:      bloody_makhleb, uniq_robin
D:3:      nicolae_gozag_zags_fifth_avenue, first_bread
D:4:      led_sif_book, serial_bayou_pond_c
D:5:      lemuel_ice_spiral_2, nicolae_dithmenos_the_darkroom,
          lemuel_crystal_altar, nicolae_qazlal_style_of_elements, uniq_menkaure,
          uniq_sigmund
D:6:      okawaru_trees_2
D:7:      minmay_temple_entry_junction, uniq_duvessa, uniq_prince_ribbit1
D:8:      basic_altar, uniq_pikel
D:9:      lemuel_coloured_pillars_altar, lair_0_dummy
Lair:1:   uniq_sonja, uniq_gastronok

Action                   |  1- 3 |  4- 6 |  7- 9 | 10-12 || total
-------------------------+-------+-------+-------+-------++-------
Melee: Spear             |   236 |   324 |   294 |       ||   854
       Flail             |       |       |   277 |    87 ||   364
 Fire: Blowgun           |       |       |     5 |     1 ||     6
 Cast: Pain              |     8 |    14 |    10 |     2 ||    34
       Animate Skeleton  |    24 |    35 |    16 |     1 ||    76
       Vampiric Draining |     2 |    11 |    39 |     6 ||    58
       Animate Dead      |       |       |    23 |     4 ||    27
       Control Undead    |       |       |     3 |       ||     3
Evoke: Wand              |       |       |     5 |     1 ||     6
  Use: Scroll            |     2 |     6 |    10 |       ||    18
       Potion            |       |     1 |     2 |       ||     3
 Stab: Sleeping          |     8 |     8 |    18 |     3 ||    37
       Distracted        |     1 |     2 |     5 |       ||     8
  Eat: Chunk             |     3 |     9 |    23 |     3 ||    38
